 Dungeon Crawl Stone Soup version 0.29.0-13-gc9e81de378 (webtiles) character file.

Game seed: 13789308754124108407

5 TrveKvltVest666 the Trooper (level 1, 0/18 HPs)
             Began as a Demonspawn Abyssal Knight on Sept 8, 2022.
             Was a Believer of Lugonu.
             Constricted to death by a ball python (1 damage)
             ... on level 1 of the Dungeon.
             The game lasted 00:04:33 (92 turns).

TrveKvltVest666 the Trooper (DsAK)                    Turns: 92, Time: 00:04:34

Health: 0/18       AC:  3    Str: 13    XL:     1   Next: 66%
Magic:  2/2        EV:  8    Int: 11    God:    Lugonu [**....]
Gold:   9          SH:  0    Dex: 13    Spells: 0/0 levels left

rFire   . . .      SeeInvis .   a - +1 mace
rCold   . . .      Faith    .   (no shield)
rNeg    . . .      Spirit   .   b - +0 leather armour
rPois   .          Reflect  .   (no helmet)
rElec   .          Harm     .   (no cloak)
rCorr   .          Rampage  .   (no gloves)
Will    .....                   (no boots)
Stlth   +.........              (no amulet)
HPRegen 0.06/turn               (no ring)
MPRegen 0.08/turn               (no ring)

@: constricted
A: no striking features
a: Renounce Religion, Depart the Abyss, Bend Space


You were on level 1 of the Dungeon.
You worshipped Lugonu.
Lugonu was pleased with you.
You visited 1 branch of the dungeon, and saw 1 of its levels.
You visited the Abyss 1 time.

You collected 9 gold pieces.

Inventory:

Hand Weapons
 a - a +1 mace (weapon)
 c - a +0 dagger
 d - a +0 dagger
 e - a +0 mace
Armour
 b - a +0 leather armour (worn)
Magical Staves
 f - a staff of cold


   Skills:
 + Level 3.3 Fighting
 + Level 1.8 Maces & Flails
 + Level 1.8 Armour
 + Level 0.8 Dodging
 + Level 2.4 Invocations


You couldn't memorise any spells.
You didn't know any spells.
Your spell library was empty.

Dungeon Overview and Level Annotations

Branches:
Dungeon (1/15)

Altars:


Message History

The ball python constricts you.
You barely miss the ball python.
The ball python is heavily wounded.
The ball python misses you. The ball python constricts you.
The goblin hits you with a +0 club. The ball python barely misses you.
The ball python constricts you.
You closely miss the ball python.
The ball python is heavily wounded.
The goblin barely misses you. The ball python closely misses you.
The ball python constricts you.
You barely miss the ball python.
The ball python is heavily wounded.
The ball python bites you but does no damage.
The ball python constricts you. The goblin completely misses you.
The ball python bites you but does no damage.
The ball python constricts you. The goblin hits you with a +0 club.
* * * LOW HITPOINT WARNING * * *
You escape the ball python's grasp.
The ball python bites you but does no damage.
The ball python grabs you. The ball python constricts you.
The ball python's grasp on you weakens, but your attempt to escape fails.
The ball python bites you.
* * * LOW HITPOINT WARNING * * *
The ball python constricts you.
* * * LOW HITPOINT WARNING * * *
The goblin barely misses you.
You escape the ball python's grasp.
The goblin attacks as you move away! The goblin completely misses you.
The ball python attacks as you move away!
The ball python bites you.
* * * LOW HITPOINT WARNING * * *
The ball python barely misses you.
You see here 2 clear potions.
The ball python attacks as you move away!
The ball python bites you but does no damage.
The ball python closely misses you.
A hobgoblin comes into view.
The ball python bites you but does no damage.
The ball python grabs you. The ball python constricts you.
You die...

#.# #.# ##.# ... ..#
.######.#######
............g.. #@# # #S#
## #g# #########≈ #.#
#.......≈≈ ####.####
#.......≈≈
...###.......####.......≈≈
........................≈≈≈
....#........>.............
.. #.....†....†##......≈≈≈


You could see a hobgoblin, a goblin and a ball python.

Vanquished Creatures
  2 endoplasms (D:1)
  A goblin (D:1)
  A frilled lizard (D:1)
  A kobold (D:1)
5 creatures vanquished.

Notes
Turn   | Place    | Note
-------+----------+-------------------------------------------
     0 | Abyss:1  | TrveKvltVest666 the Demonspawn Abyssal Knight began the
                  | quest for the Orb.
     0 | Abyss:1  | Reached XP level 1. HP: 18/18 MP: 2/2
     9 | D:1      | Escaped the Abyss
    92 | D:1      | Constricted to death by a ball python

Illustrated notes

Levels and vault maps discovered:
D:1:      lemuel_arrival_river_bridge, layout_rooms

Action                   || total
-------------------------++-------
Melee: Mace              ||    18
       Unarmed           ||     1
Invok: Depart the Abyss  ||     1
Armor: Leather armour    ||    14
Dodge: Dodged            ||    18
